 Dungeon Crawl Stone Soup version 0.30-a0-322-g102857c98e (webtiles) character file.

Game seed: 13135603640183199806

1705 koil the Ducker (level 8, -1/42 HPs)
             Began as a Spriggan Hunter on Oct 27, 2022.
             Killed from afar by Ijyb (14 damage)
             ... with a bolt of dispelling energy
             ... on level 5 of the Dungeon.
             The game lasted 00:15:29 (5082 turns).

koil the Ducker (Spriggan Hunter)                   Turns: 5082, Time: 00:15:29

Health: -1/42      AC:  4    Str: 10    XL:     8   Next: 73%
Magic:  16/16      EV: 24    Int: 10    God:
Gold:   249        SH:  0    Dex: 27    Spells: 11/17 levels left

rFire   . . .      SeeInvis +    b - +6 hammer of Untimely Demise {speed, rC+ Will+ Str+3 Stlth+}
rCold   + . .      Faith    .    (no shield)
rNeg    . . .      Spirit   .    c - +0 robe
rPois   .          Reflect  .    (helmet restricted)
rElec   .          Harm     .    A - +1 cloak
rCorr   .          Rampage  .    (gloves unavailable)
Will    ++...                    (boots unavailable)
Stlth   +++++.....               (no amulet)
HPRegen 0.27/turn                u - +6 ring of dexterity
MPRegen 0.15/turn                (no ring)

@: very quick
A: very small, no large weapons, unfitting armour, see invisible, speed 3
a: no special abilities


You were on level 5 of the Dungeon.
You visited 1 branch of the dungeon, and saw 5 of its levels.

You collected 249 gold pieces.

Inventory:

Hand Weapons
 a - a +0 shortbow
 b - the +6 hammer of Untimely Demise (weapon) {speed, rC+ Will+ Str+3 Stlth+}
   (You found it on level 2 of the Dungeon)

   Attacks with this weapon are significantly faster.
   Str:       It affects your strength (+3).
   rC:        It protects you from cold.
   Will:      It increases your willpower.
   Stlth:     It makes you more stealthy.
 o - a +0 dagger of venom
 p - a +1 dagger of speed
 r - a +2 scythe of venom
 x - a +1 short sword of flaming
 y - a +1 hammer of draining
 z - a +2 quarterstaff of chaos
 E - a +2 spear of venom
 G - a +0 flail of protection
 H - a +1 whip of holy wrath
Missiles
 n - 10 poisoned darts
 F - a throwing net
Armour
 c - a +0 robe (worn)
 s - a +0 robe
 A - a +1 cloak (worn)
Magical Staves
 K - a staff of poison
Jewellery
 u - a +6 ring of dexterity (left hand)
Wands
 J - a wand of mindburst (13)
Scrolls
 d - 7 scrolls of identify {unknown}
 e - 2 scrolls of torment {unknown}
 h - 3 scrolls of immolation
 j - 4 scrolls of teleportation {unknown}
 l - 2 scrolls of blinking {unknown}
 m - a scroll of brand weapon {unknown}
 q - 2 scrolls of vulnerability {unknown}
 v - a scroll of fear {unknown}
 B - 2 scrolls of noise {unknown}
 I - a scroll of fog {unknown}
Potions
 f - 4 potions of curing
 g - 2 potions of attraction {unknown}
 i - 3 potions of brilliance {unknown}
 k - 3 potions of flight {unknown}
 t - 2 potions of heal wounds {unknown}
 w - a potion of cancellation {unknown}
 C - a potion of might {unknown}
 D - a potion of ambrosia {unknown}
 L - a potion of haste {unknown}


   Skills:
 + Level 4.0 Fighting
 + Level 6.0 Ranged Weapons
 + Level 6.4 Dodging
 - Level 6.0 Stealth
 + Level 5.1 Spellcasting
 + Level 3.2 Necromancy
 + Level 3.3 Poison Magic


You had 11 spell levels left.
You knew the following spells:

 Your Spells              Type           Power      Damage    Failure   Level
a - Dispel Undead         Necr           9%         3d8       52%         4
b - Cigotuvi's Dreadful   Necr/Pois/Air  14%        N/A       14%         2

Your spell library contained the following spells:

 Spells                   Type           Power      Damage    Failure   Level
 Ensorcelled Hibernation  Hex/Ice        4%         N/A       34%         2
 Spider Form              Tmut/Pois      5%         N/A       34%         3
 Anguish                  Hex/Necr       2%         N/A       75%         4
 Death Channel            Necr           4%         N/A       100%        6


Dungeon Overview and Level Annotations

Branches:
Dungeon (5/15)
 Temple: D:4-7

Altars:
Elyvilon
Hepliaklqana
Trog
The Shining One

Annotations:
D:5 Ijyb


Innate Abilities, Weirdness & Mutations

You are very small and have problems with some larger weapons.
You are too small for most types of armour.
You have supernaturally acute eyesight. (SInv)
You cover ground extremely quickly. (Speed+++)


Message History

The bolt of dispelling energy misses you.
You shoot an arrow. The arrow hits Ijyb.
Ijyb is heavily wounded.
Ijyb grins evilly.
Ijyb completely misses you.
You shoot an arrow. The arrow closely misses Ijyb.
Ijyb completely misses you.
You shoot an arrow. The arrow hits Ijyb but does no damage.
Ijyb is heavily wounded.
Ijyb completely misses you.
You shoot an arrow. The arrow hits Ijyb.
Ijyb is heavily wounded.
Ijyb completely misses you.
Ijyb zaps a wand.
The bolt of dispelling energy hits you!
You shoot an arrow. The arrow hits Ijyb.
Ijyb is severely wounded.
Ijyb completely misses you.
You shoot an arrow. The arrow hits Ijyb.
Ijyb is severely wounded.
Ijyb misses you.
You shoot an arrow. The arrow hits Ijyb but does no damage.
Ijyb is severely wounded.
Ijyb zaps a wand.
The bolt of dispelling energy hits you!!
You are too injured to fight recklessly!
You are too injured to fight recklessly!
You are too injured to fight recklessly!
You are too injured to fight recklessly!
You feel stronger.
Your hands tingle!
b - the +6 hammer of Untimely Demise (weapon)
{speed, rC+ Will+ Str+3 Stlth+} Ijyb misses you.
You are too injured to fight recklessly!
You are too injured to fight recklessly!
You are too injured to fight recklessly!
You are too injured to fight recklessly!
You are too injured to fight recklessly!
You sock Ijyb!
Ijyb is almost dead.
Ijyb zaps a wand.
The bolt of dispelling energy hits you!
You die...

#.###.....##....#..#....####.
##.# ###....#......###....###.
#..# ##.........## ##.....#. #..#
###...#......# #....)..
####..###...####.....## ##.......
......#...### #.....)###...###(.
..>......## #...#.<##...## #..
.......### ##g.###.))..## #..
.>.....# #.@## ##.[..# #..
.......# ##.## ##...## ##..
.......## ##..# #....# #...
........## ##..## ##....## ##...
.........###...#####......###....
.................................
...............................##
...###....#.....####.....#...###
#..# ####..#.....# ##........####


You could see Ijyb.

Vanquished Creatures
  Sigmund (D:2)
  Menkaure (D:4)
  Duvessa (D:4)
  A water moccasin (D:5)
  2 centaurs (D:5)
  A gnoll sergeant (D:4)
  3 scorpions (D:5)
  Dowan (D:4)
  A howler monkey (D:5)
  A jelly (D:4)
  3 hounds
  Crazy Yiuf (D:2)
  4 orc priests (D:5)
  Natasha (thrice) (D:2)
  2 iguanas
  4 orc wizards
  2 adders
  8 gnolls
  A shadow imp (D:5)
  A white imp (D:5)
  An ufetubus (D:5)
  3 worms
  22 orcs
  6 bats
  6 endoplasms
  5 giant cockroaches
  5 goblins
  6 hobgoblins
  11 jackals
  7 kobolds
  2 quokkas (D:2)
  11 ball pythons
  3 rats
130 creatures vanquished.

Vanquished Creatures (others)
  2 plants (D:2)
2 creatures vanquished.

Grand Total: 132 creatures vanquished

Notes
Turn   | Place    | Note
-------+----------+-------------------------------------------
     0 | D:1      | koil the Spriggan Hunter began the quest for the Orb.
     0 | D:1      | Reached XP level 1. HP: 10/10 MP: 2/2
    95 | D:1      | Reached XP level 2. HP: 15/15 MP: 2/4
   282 | D:1      | Reached skill level 1 in Spellcasting
   575 | D:1      | Reached XP level 3. HP: 18/18 MP: 5/5
   864 | D:2      | Noticed Sigmund
   872 | D:2      | Killed Sigmund
   873 | D:2      | Reached XP level 4. HP: 12/23 MP: 5/8
   873 | D:2      | Reached XP level 5. HP: 15/27 MP: 5/9
  1094 | D:2      | Learned a level 4 spell: Dispel Undead
  1249 | D:2      | Noticed Natasha
  1256 | D:2      | Killed Natasha
  1292 | D:2      | Noticed Natasha
  1296 | D:2      | Killed Natasha
  1317 | D:2      | Noticed Natasha
  1321 | D:2      | Killed Natasha
  1322 | D:2      | Reached XP level 6. HP: 32/32 MP: 11/11
  1565 | D:2      | Found a runed translucent door.
  1565 | D:2      | Identified the +6 hammer of Untimely Demise {speed, rC+
                  | Will+ Str+3 Stlth+}
  1567 | D:2      | Noticed Crazy Yiuf
  1620 | D:2      | Killed Crazy Yiuf
  1635 | D:2      | Learned a level 2 spell: Cigotuvi's Dreadful Rot
  2053 | D:3      | Found a hazy altar of Hepliaklqana.
  2053 | D:3      | Found a glowing golden altar of the Shining One.
  2053 | D:3      | Found a bloodstained altar of Trog.
  2381 | D:3      | Reached skill level 1 in Necromancy
  2495 | D:4      | Noticed Menkaure
  2502 | D:4      | Killed Menkaure
  2503 | D:4      | Reached skill level 5 in Ranged Weapons
  2521 | D:4      | Reached skill level 5 in Stealth
  2521 | D:4      | Reached skill level 1 in Poison Magic
  2521 | D:4      | Reached XP level 7. HP: 36/36 MP: 13/13
  2702 | D:4      | Reached skill level 5 in Dodging
  2740 | D:4      | Noticed Duvessa
  2755 | D:4      | Noticed Dowan
  3027 | D:4      | Killed Duvessa
  3059 | D:4      | Killed Dowan
  3623 | D:5      | Entered Level 5 of the Dungeon
  3638 | D:5      | Reached XP level 8. HP: 40/40 MP: 15/15
  4221 | D:5      | Found a white marble altar of Elyvilon.
  4393 | D:5      | Reached skill level 5 in Spellcasting
  5068 | D:5      | Noticed Ijyb
  5082 | D:5      | Killed from afar by Ijyb

Illustrated notes

Levels and vault maps discovered:
D:1:      dpeg_arrival_pits, layout_loops_ring
D:2:      layout_basic, serial_bayou_ford_a, minmay_distorted, uniq_sigmund,
          uniq_crazy_yiuf_cottage, uniq_natasha
D:3:      layout_loops_cross, gammafunk_temple_overflow_claw, hex_medium,
          grunt_ministairs_3, minmay_fountain_box, kennysheep_doodads,
          hangedman_decor_push
D:4:      layout_loops_ring, lightli_minifort, uniq_duvessa, uniq_menkaure
D:5:      layout_layer_cave, nicolae_overflow_crystal_walls, uniq_ijyb

Skill      XL: |  1  2  3  4  5  6  7  8 |
---------------+-------------------------+-----
Stealth        | 2 4 5 6 |  6.0
Dodging        | 3 4 5 6 |  6.4
Spellcasting   | 1 2 3 4 5 |  5.1
Fighting       | 2 3 4 |  4.0
Necromancy     | 1 2 3 |  3.2
Ranged Weapons | 5 6 |  6.0
Poison Magic   | 1 2 3 |  3.3

Action                   |  1- 3 |  4- 6 |  7- 9 || total
-------------------------+-------+-------+-------++-------
Melee: Mace              |       |    32 |    75 ||   107
       Punch             |       |     1 |     2 ||     3
 Fire: Shortbow          |    73 |    52 |   244 ||   369
 Stab: Sleeping          |       |     4 |     5 ||     9
       Distracted        |       |     1 |       ||     1
Armor: Robe              |     1 |     1 |     4 ||     6
Dodge: Dodged            |    22 |    34 |   196 ||   252

Table legend: (Time is in decaauts)
 A = Elapsed time spent in this place.
 B = Non-inter-level travel time spent in this place.
 C = Inter-level travel time spent in this place.
 D = Time resting spent in this place.
 E = Time spent auto-exploring this place.
 F = Levels seen in this place.
 G = Mean time per level.
                   A        B        C        D        E       F      G
               +--------+--------+--------+--------+--------+-----+--------+
         Total |   3675 |   3612 |     63 |    293 |   2405 |   5 |  735.0 |
       Dungeon |   3675 |   3612 |     63 |    293 |   2405 |   5 |  735.0 |
               +--------+--------+--------+--------+--------+-----+--------+

Top non-repeatable levels by time:
     D:5: 1003 daAuts
     D:4: 964 daAuts
     D:2: 730 daAuts
     D:3: 496 daAuts
     D:1: 479 daAuts
